 Dungeon Crawl Stone Soup version 0.31-a0-981-geadf994542 (webtiles) character file.

Game seed: 3084348300157311390

100 Dirtsage the Insei (level 4, 3/43 HPs)
             Began as an Octopode Shapeshifter on Oct 31, 2023.
             Quit the game on level 3 of the Dungeon.
             The game lasted 00:04:00 (1562 turns).

Dirtsage the Insei (Octopode Shapeshifter)          Turns: 1562, Time: 00:04:01

Health: 3/43       AC: 26    Str: 13    XL:     4   Next: 73%
Magic:  4/4        EV:  2    Int: 12    God:
Gold:   78         SH:  0    Dex: 13    Spells: 3/3 levels left

rFire   . .          .
                       - Unarmed
rCold   . . .        (no shield)
rNeg    . . .        (helmet currently unavailable)
rPois   +            (no amulet)
rElec   .            e - +4 ring of protection
rCorr   .            (no ring)
SInv    .            (no ring)
Will    .....        (no ring)
Stlth   +            (no ring)
HPRegen 0.27/turn    (no ring)
MPRegen 0.09/turn    (no ring)
                     (no ring)

%: no passive effects
@: mighty, lethally poisoned (3 -> -1), tree-form
A: stationary, stasis, torment immunity, boosted hp, almost no armour,
(amphibious), 8 rings, (camouflage 1), (gelatinous body 1), (nimble swimmer 1),
(tentacles)
a: no special abilities


You were on level 3 of the Dungeon.
You were a tree.
You visited 1 branch of the dungeon, and saw 3 of its levels.

You collected 78 gold pieces.

Inventory:

Jewellery
 e - a +4 ring of protection (left branch)
Talismans
 b - a beast talisman
 c - a flux talisman
 i - a maw talisman
Wands
 j - a wand of flame (3)
Scrolls
 d - a scroll of identify {unknown}
 f - a scroll of amnesia
 h - 2 scrolls of teleportation {unknown}
 l - 3 scrolls of summoning {unknown}


   Skills:
 + Level 2.0 Fighting
 - Level 2.0 Dodging
 * Level 4.0 Unarmed Combat
 * Level 3.9 Shapeshifting


You had 3 spell levels left.
You didn't know any spells.
Your spell library was empty.

Dungeon Overview and Level Annotations

Branches:
Dungeon (3/15)

Altars:


Innate Abilities, Weirdness & Mutations

You are a tree.
Your roots penetrate the ground, keeping you stationary.
You cannot be teleported.
You are immune to unholy pain and torment.
Your maximum health is greatly increased.
You cannot wear most types of armour.
((You are amphibious.))
You can wear up to eight rings at the same time.
((Your skin changes colour to match your surroundings (Stealth+).))
((Your rubbery body absorbs attacks. (AC +1, EV +1)))
((You are camouflaged when in or above water. (Stealth+)))
((You have tentacles for arms and can constrict up to eight enemies at once.))


Message History

The gnoll is severely wounded.
You constrict the gnoll.
You feel very sick.
The gnoll hits you with a +0 spear of venom.
You are lethally poisoned!
You take 5 damage, and have 20/29 hp.
You tentacle-slap the gnoll.
The gnoll is almost dead.
You constrict the gnoll, but do no damage.
You feel very sick. The gnoll barely misses you.
You take 5 damage, and have 15/29 hp.
You tentacle-slap the gnoll but do no damage.
You squeeze the gnoll.
You kill the gnoll!
You feel very sick.
You take 4 damage, and have 11/29 hp.
You feel very sick.
You take 2 damage, and have 9/29 hp.
* * * LOW HITPOINT WARNING * * *
You feel very sick.
You take 3 damage, and have 6/29 hp.
It was a potion of magic.
Magic courses through your body.
* * * LOW HITPOINT WARNING * * *
You feel sick.
You take 2 damage, and have 4/29 hp.
It was a potion of might.
You feel very mighty all of a sudden.
* * * LOW HITPOINT WARNING * * *
You feel sick.
You take 2 damage, and have 2/29 hp.
Your transformation has ended.
You turn into a tree.
Your roots penetrate the ground.
* * * LOW HITPOINT WARNING * * *
You feel sick.
You now have 3/43 hp.
There is a lethal amount of poison in your body!
There is a lethal amount of poison in your body!
There is a lethal amount of poison in your body!
Are you sure you want to abandon this character and quit the game? (Confirm with "yes".)

.#.#.#.#####
.#.........#
....)....#.###########
######.#.#.....g.gg..#
.......#.#..# #.#
#####....#..# #.#
#.####..# #.# #.#
#..########.#
#.####..#...♣..).#
#.......#.############
#..####.#...#.........
#..# #.###.#.#######.
#..# #.......# #..#
#####.### #..# #.#
#..# #.# #..# #.#


There were no monsters in sight!

Vanquished Creatures
  A gnoll (D:3)
  4 adders
  3 dart slugs
  3 ball pythons
  An endoplasm (D:1)
  2 giant cockroaches
  2 hobgoblins (D:1)
  2 jackals (D:2)
  7 kobolds
  A quokka (D:1)
  8 bats
  5 frilled lizards
  6 goblins
  5 rats
50 creatures vanquished.

Notes
Turn   | Place    | Note
-------+----------+-------------------------------------------
     0 | D:1      | Dirtsage the Octopode Shapeshifter began the quest for the
                  | Orb.
     0 | D:1      | Reached XP level 1. HP: 13/13 MP: 1/1
    48 | D:1      | Reached XP level 2. HP: 18/18 MP: 2/2
   272 | D:1      | Reached XP level 3. HP: 22/23 MP: 3/3
  1094 | D:2      | Reached XP level 4. HP: 29/29 MP: 4/4
  1374 | D:3      | Identified the "Emig"
  1497 | D:3      | Reached skill level 4 in Unarmed Combat
  1562 | D:3      | Quit the game

Illustrated notes

Levels and vault maps discovered:
D:1:      minmay_arrival_nine_rooms, layout_basic
D:2:      layout_loops_corners, grunt_decor_fettered,
          kennysheep_decorative_pillar
D:3:      layout_basic

Skill      XL: |  1  2  3  4 |
---------------+-------------+-----
Fighting       | 2 |  2.0
Unarmed Combat | 4 |  4.0
Dodging        | |  2.0
Shapeshifting  | |  3.9

Action                     |  1- 3 |  4- 6 || total
---------------------------+-------+-------++-------
  Melee: Unarmed           |    84 |    18 ||   102
         Constrict         |    21 |     3 ||    24
         Tentacles         |    13 |     3 ||    16
         Punch             |     1 |       ||     1
    Use: Scroll            |     2 |       ||     2
         Potion            |       |     3 ||     3
   Stab: Sleeping          |     7 |     2 ||     9
 Armour: Skin              |    26 |     8 ||    34
  Dodge: Dodged            |    52 |     9 ||    61

Table legend: (Time is in decaauts)
 A = Elapsed time spent in this place.
 B = Non-inter-level travel time spent in this place.
 C = Inter-level travel time spent in this place.
 D = Time resting spent in this place.
 E = Time spent auto-exploring this place.
 F = Levels seen in this place.
 G = Mean time per level.
                   A        B        C        D        E       F      G
               +--------+--------+--------+--------+--------+-----+--------+
         Total |   1555 |   1512 |     43 |      0 |   1225 |   3 |  518.3 |
       Dungeon |   1555 |   1512 |     43 |      0 |   1225 |   3 |  518.3 |
               +--------+--------+--------+--------+--------+-----+--------+

Top non-repeatable levels by time:
     D:2: 858 daAuts
     D:1: 509 daAuts
     D:3: 186 daAuts
